 Dungeon Crawl Stone Soup version 0.21-a0-2-ge494091 (webtiles) character file.

44 Goblin1989 the Cudgeler (level 3, -3/29 HPs)
             Began as a Demonspawn Monk on May 22, 2017.
             Slain by Sigmund
             ... wielding a +0 scythe
              (8 damage)
             ... on level 2 of the Dungeon.
             The game lasted 00:04:27 (1751 turns).

Goblin1989 the Cudgeler (Demonspawn Monk)           Turns: 1751, Time: 00:04:28

Health: -3/29      AC:  5    Str: 11    XL:     3   Next: 41%
Magic:  3/3        EV: 11    Int: 16    God:
Gold:   67         SH:  4    Dex: 16    Spells: 2/2 levels left

rFire    . . .     SeeInvis +   a - +0 whip (curse)
rCold    . . .     Gourm    .   (no shield)
rNeg     . . .     Faith    .   h - +0 ring mail
rPois    .         Spirit   .   (no helmet)
rElec    .         Reflect  .   (no cloak)
rCorr    .         Harm     .   (no gloves)
MR       .....                  (no boots)
Stlth    +.........             (no amulet)
Regen    0.1/turn               s - ring of see invisible
MPRegen  0.1/turn               (no ring)

@: brilliant, very slightly contaminated, invisible
A: large bone plates 1
a: no special abilities


You were on level 2 of the Dungeon.
You were hungry.

You visited 1 branch of the dungeon, and saw 2 of its levels.

You collected 67 gold pieces.

Inventory:

Hand Weapons
 a - a cursed +0 whip (weapon)
Armour
 h - a +0 ring mail (worn)
Jewellery
 s - a ring of see invisible (left hand)
Scrolls
 b - 3 scrolls of identify {unknown}
 d - a scroll of enchant weapon {unknown}
 i - a scroll of blinking {unknown}
 m - 2 scrolls of teleportation {unknown}
Comestibles
 e - 3 bread rations {@e1}
 l - 2 meat rations {@e2}


   Skills:
 + Level 3.1 Fighting
 * Level 3.9 Maces & Flails
 + Level 2.8 Dodging
 + Level 1.8 Stealth


You had 2 spell levels left.
You didn't know any spells.

Dungeon Overview and Level Annotations

Branches:
Dungeon (2/15)

Altars:
Fedhas

Annotations:
D:2 Sigmund


Innate Abilities, Weirdness & Mutations

You are partially covered in large bone plates. (SH +4)


Message History

No target in view!
No target in view!
No target in view!
No target in view!
You are feeling hungry.
Things that are here:
a club; 21 arrows
m - 2 scrolls labeled XAMPOI SUOQ (gained 1) Health restored: 29 Unknown command.
There is an escape hatch in the ceiling here.
b - 3 scrolls labeled LAERET FOAS (gained 1) Marking area around Sigmund as unsafe for travelling.
Sigmund the Dreaded comes into view.
He is wielding a scythe.
Put on which piece of jewellery? (? for menu, Esc to quit)
c - a ring of see invisible (left hand)
s - a ring of see invisible (left hand) Sigmund hits you from afar with a scythe.
You take 4 damage, and have 25/29 hp.
Sigmund hits you with a scythe!
You take 8 damage, and have 17/29 hp.
MASSIVE DAMAGE!!
You hit Sigmund but do no damage. You hit Sigmund but do no damage.
You block Sigmund's attack.
You hit Sigmund.
Sigmund is moderately wounded.
You hit Sigmund but do no damage.
Sigmund is moderately wounded.
Sigmund screams, "Die, monster!"
Sigmund closely misses you.
You hit Sigmund.
Sigmund is moderately wounded.
Sigmund hits you with a scythe.
You take 2 damage, and have 15/29 hp.
You hit Sigmund but do no damage.
Sigmund is moderately wounded.
You closely miss Sigmund.
Sigmund is moderately wounded.
Sigmund gestures wildly while chanting.
Sigmund flickers and vanishes for a moment.
You hit Sigmund.
Sigmund is moderately wounded.
Sigmund barely misses you.
You hit Sigmund.
Sigmund is moderately wounded.
You closely miss Sigmund.
Sigmund is moderately wounded.
Sigmund closely misses you.
You hit Sigmund.
Sigmund is heavily wounded.
Sigmund completely misses you.
You closely miss Sigmund.
Sigmund is heavily wounded.
You hit Sigmund but do no damage.
Sigmund is heavily wounded.
Sigmund closely misses you.
You hit Sigmund.
Sigmund is heavily wounded.
You hit Sigmund.
Sigmund is severely wounded.
Sigmund casts a spell at you.
You are confused.
You closely miss Sigmund.
Sigmund is severely wounded.
Sigmund hits you with a scythe!
* * * LOW HITPOINT WARNING * * *
You take 11 damage, and have 5/29 hp.
MASSIVE DAMAGE!!
It was a potion of curing.
You feel better. Sigmund hits you with a scythe.
* * * LOW HITPOINT WARNING * * *
You regained 6 hp, and now have 11/29 hp.
You hit Sigmund.
Sigmund is almost dead.
You barely miss Sigmund.
Sigmund is almost dead.
Sigmund hits you with a scythe.
* * * LOW HITPOINT WARNING * * *
You take 1 damage, and have 10/29 hp.
You barely miss Sigmund.
Sigmund is almost dead.
You barely miss Sigmund.
Sigmund is almost dead.
Sigmund closely misses you.
You hit Sigmund.
Sigmund is almost dead.
Sigmund hits you with a scythe.
* * * LOW HITPOINT WARNING * * *
You take 6 damage, and have 4/29 hp.
MASSIVE DAMAGE!!
Unknown command.
It was a potion of brilliance.
You feel clever all of a sudden.
It was a potion of invisibility.
You fade into invisibility!
Sigmund says, "Now you see me, now you don't..."
Sigmund closely misses you.
You are very lightly contaminated with residual magic.
A jackal comes into view.
Unknown command.
You hit Sigmund but do no damage.
Sigmund is almost dead.
Sigmund hits you with a scythe!
You die...

.h. ... ..█ .[█ ..█ ..█
█████████████████@.█
................@.?█
██████████████████.█ █.. █
██████████.█ ...........█
...........██████
................███████████
................∆.........█
..........█.....█████████.█


You could see Sigmund (invisible) and a jackal (wandering).

Vanquished Creatures
  An adder (D:2)
  3 leopard geckos
  2 giant cockroaches (D:1)
  2 hobgoblins
  4 jackals (D:1)
  6 bats
  3 frilled lizards (D:1)
  3 goblins (D:1)
  7 kobolds
  2 rats (D:1)
33 creatures vanquished.

Notes
Turn   | Place    | Note
-------+----------+-------------------------------------------
     0 | D:1      | Goblin1989 the Demonspawn Monk began the quest for the Orb.
     0 | D:1      | Reached XP level 1. HP: 18/18 MP: 1/1
   613 | D:1      | Gained mutation: You are partially covered in large bone plates. (SH +4) [demonic ancestry]
   613 | D:1      | Reached XP level 2. HP: 24/24 MP: 2/2
  1299 | D:2      | Found a blossoming altar of Fedhas.
  1305 | D:2      | Reached XP level 3. HP: 23/29 MP: 3/3
  1723 | D:2      | Noticed Sigmund
  1751 | D:2      | Slain by Sigmund

Vault maps used:
D:1:      matt_arrival_los_fun, minmay_stone_trees_medium,
          minmay_misc_feat_four_crosses
D:2:      nicolae_overflow_crystal_walls, uniq_sigmund

Skill      XL: |  1 |
---------------+----+-----
Maces & Flails | 3 |  3.9
Fighting       | |  3.1
Dodging        | |  2.8
Stealth        | |  1.8

Action                   || total
-------------------------++-------
Melee: Mace              ||    76
       Whip              ||    52
  Use: Potion            ||     3
 Stab: Sleeping          ||     1
       Distracted        ||     1
  Eat: Chunk             ||     2
Armor: Ring mail         ||    35
       Robe              ||     2
Dodge: Dodged            ||    63
Block: Other             ||    13

Vault maps used:
D:1:      matt_arrival_los_fun, minmay_stone_trees_medium,
          minmay_misc_feat_four_crosses
D:2:      nicolae_overflow_crystal_walls, uniq_sigmund
